AoeStats
← DS_Rodrixs

Golden Pit

515659244Analyzed
4v4 RM · 14d ago on Oct 23, 2026· 27m 59s· 8 players
Game mode
Random Map
Map size
Large (8 player)
Population
200
Speed
Normal
Resources
Standard
Victory
Conquest
Starting age
Dark Age
Ending age
Imperial Age
RankedLock teamsTeams togetherTeam positionsShared explorationLock speedFull tech treeHidden civsTurbo modeCheats
Victory
Defeat
🇦🇷 Slavs · Argentina
2060
+1
🇦🇷 Persians · Argentina
1904
+1
🇦🇷 Ethiopians · Argentina
1282
+20
🇨🇴 Spanish · Colombia
963
+26
vs
🇨🇳 Burgundians · China
1488
-14
🇨🇳 Persians · China
1444
-12
🇭🇰 Italians · Hong Kong SAR China
1405
-11
🇭🇰 Magyars · Hong Kong SAR China
1405
-11
啥牌子的
5:46 Loom
8:18 Feudal Age
8:53 Double-Bit Axe
9:11 Horse Collar
15:36 Bloodlines
17:44 Wheelbarrow
17:23 Scale Barding Armor
23:39 Castle Age
22:06 Forging
24:10 Husbandry
23:31 Light Cavalry
24:33 Chain Barding Armor
25:11 Bow Saw
25:35 Heavy Plow
26:13 Gold Mining
Synthesis
6:27 Loom
8:54 Feudal Age
9:59 Double-Bit Axe
21:18 Fletching
22:17 Padded Archer Armor
30:13 Castle Age
成全
5:46 Double-Bit Axe
9:40 Loom
12:04 Feudal Age
10:40 Horse Collar
13:17 Bow Saw
15:22 Wheelbarrow
17:43 Gold Mining
18:10 Scale Mail Armor
18:22 Forging
19:06 Scale Barding Armor
21:04 Castle Age
21:09 Gold Shaft Mining
22:36 Hand Cart
24:37 Two-Man Saw
Moontears
5:08 Loom
9:52 Feudal Age
10:36 Double-Bit Axe
17:03 Horse Collar
18:15 Wheelbarrow
18:09 Scale Barding Armor
18:49 Bloodlines
23:40 Castle Age
26:02 Husbandry
26:23 Chain Barding Armor
wR.Prisma
6:26 Loom
6:56 Loom
9:27 Feudal Age
9:48 Double-Bit Axe
10:12 Horse Collar
14:37 Forging
17:39 Wheelbarrow
17:40 Scale Barding Armor
21:36 Bloodlines
25:04 Castle Age
24:53 Gold Mining
25:51 Chain Barding Armor
25:32 Husbandry
24:53 Light Cavalry
CAPJACKSPARROW
1:53 Loom
12:01 Feudal Age
13:18 Double-Bit Axe
25:30 Castle Age
DS_Rodrixs
8:52 Feudal Age
7:09 Loom
9:24 Double-Bit Axe
13:55 Horse Collar
15:20 Scale Barding Armor
17:11 Wheelbarrow
20:56 Castle Age
19:34 Forging
20:29 Bloodlines
20:58 Light Cavalry
22:03 Bow Saw
23:06 Husbandry
28:39 Heavy Plow
Lechugamer
6:19 Loom
8:53 Feudal Age
9:52 Double-Bit Axe
12:23 Fletching
19:33 Wheelbarrow
22:39 Castle Age
21:03 Gold Mining
20:53 Horse Collar
22:44 Crossbowman
23:19 Bodkin Arrow
23:31 Bodkin Arrow
Connection lost

Rejoining the realm…

Still unreachable

The connection could not be restored.

Session expired

The server has moved on; the page needs a fresh start.